 Dungeon Crawl Stone Soup version 0.30-a0-475-g03497ec522 (webtiles) character file.

Game seed: 15471632682384484418

1739 themarg the Destroyer (level 8, -2/62 HPs)
             Began as a Yellow Draconian Conjurer on Dec 21, 2022.
             Was a Believer of Sif Muna.
             Slain by Duvessa
             ... wielding a +0 short sword
              (13 damage)
             ... on level 6 of the Dungeon.
             The game lasted 00:16:44 (7036 turns).

themarg the Destroyer (Yellow Draconian Conjurer)   Turns: 7036, Time: 00:16:44

Health: -2/62      AC:  7    Str: 10    XL:     8   Next: 77%
Magic:  10/15      EV: 12    Int: 21    God:    Sif Muna [**....]
Gold:   249        SH:  0    Dex:  9    Spells: 14/17 levels left

rFire   . . .      SeeInvis .    h - +0 dagger
rCold   . . .      Faith    .    (no shield)
rNeg    . . .      Spirit   .    (body armour unavailable)
rPois   .          Reflect  .    (helmet restricted)
rElec   .          Harm     .    s - +0 cloak
rCorr   +          Rampage  .    (no gloves)
Will    .....                    (no boots)
Stlth   ++........               (no amulet)
HPRegen 0.30/turn                d - +4 ring of slaying
MPRegen 0.14/turn                (no ring)

@: short of breath
A: spit acid, AC +6, unfitting armour, cold-blooded, acid resistance
a: Breathe Acid, Renounce Religion, Channel Magic


You were on level 6 of the Dungeon.
You worshipped Sif Muna.
Sif Muna was pleased with you.
You visited 1 branch of the dungeon, and saw 6 of its levels.

You collected 249 gold pieces.

Inventory:

Hand Weapons
 h - a +0 dagger (weapon)
Missiles
 i - 43 stones
 m - 3 poisoned darts
 E - 3 boomerangs
Armour
 s - a +0 cloak (worn)
 w - a scarf of invisibility
Jewellery
 d - a +4 ring of slaying (left hand)
 x - a ring of fire
 B - a ring of willpower
Wands
 u - a wand of acid (10)
Scrolls
 e - a scroll of noise {unknown}
 g - 3 scrolls of fog
 j - a scroll of identify
 k - a scroll of brand weapon {unknown}
 n - 2 scrolls of teleportation
 t - a scroll of amnesia {unknown}
 v - a scroll of immolation {unknown}
 y - 2 scrolls of vulnerability {unknown}
 C - a scroll of poison {unknown}
 F - 2 scrolls of butterflies
Potions
 a - 2 potions of magic
 b - 5 potions of curing
 c - a potion of attraction {unknown}
 f - 3 potions of haste
 l - a potion of cancellation {unknown}
 o - a potion of flight {unknown}
 p - 2 potions of might
 q - 2 potions of brilliance {unknown}
 r - a potion of invisibility {unknown}
 z - a potion of resistance {unknown}
 A - a potion of degeneration {unknown}
 D - 2 potions of lignification {unknown}


   Skills:
 + Level 2.4 Fighting
 - Level 1.7 Dodging
 - Level 2.0 Stealth
 - Level 5.0 Spellcasting
 - Level 10.0 Conjurations
 + Level 2.0 Hexes
 + Level 2.1 Translocations


You had 14 spell levels left.
You knew the following spells:

 Your Spells              Type           Power      Damage    Failure   Level
a - Magic Dart            Conj           100%       1d8       1%          1
b - Searing Ray           Conj           94%        2d7       1%          2

Your spell library contained the following spells:

 Spells                   Type           Power      Damage    Failure   Level
 Dazzling Flash           Conj/Hex       60%        N/A       2%          3
 Blink                    Tloc           28%        N/A       7%          2
 Fulminant Prism          Conj/Hex       15%        3d10      9%          4
 Iskenderun's Mystic Bla  Conj/Tloc      30%        2d8       9%          4
 Sticky Flame             Conj/Fire      26%        2d5       14%         4
 Ignite Poison            Fire/Tmut/Pois 5%         N/A       32%         3
 Manifold Assault         Tloc           14%        N/A       41%         4
 Storm Form               Tmut/Air       2%         N/A       100%        7
 Ignition                 Fire           2%         3d3       100%        8


Dungeon Overview and Level Annotations

Branches:
Dungeon (6/15)             Temple (0/1) D:5

Altars:
Hepliaklqana
Sif Muna
Uskayaw

Annotations:
D:6 1 runed translucent door, Duvessa; Prince Ribbit; billz999's ghost, novice DjFE


Innate Abilities, Weirdness & Mutations

You can spit globs of acid.
Your golden yellow scales are hard. (AC +6)
You cannot fit into any form of body armour.
You are cold-blooded and may be slowed by cold attacks.
You are resistant to acid. (rCorr)


Message History

You start resting.
You hear a shout! x26
HP restored.
You hear a shout! x2
You hear a shout!
You hear a shout!
You hear a loud, deep croak!
Prince Ribbit croaks.
Duvessa shouts!
Prince Ribbit blinks!
Press: ? - help, Shift-Dir - straight line, f/p - Duvessa
Aim: Duvessa, wielding a +0 short sword and wearing a +4 ring mail of cold resistance (moderately wounded, berserk, 74% to hit)
You spit a glob of acid.
The glob of acid hits Duvessa!!
The acid corrodes Duvessa!
Duvessa is severely wounded.
Duvessa hits you with a +0 short sword!
Casting: Searing Ray (safe; 1% risk of failure)
Confirm with . or Enter, or press ? or * to list all spells.
Aiming: Searing Ray (safe; 1% risk of failure)
Press: ? - help, Shift-Dir - straight line, f/p - Duvessa
Aim: Duvessa, wielding a +0 short sword and wearing a +4 ring mail of cold resistance (severely wounded, berserk, covered in acid, 87% to hit)
The searing ray hits Duvessa.
Duvessa is severely wounded. (Press . to maintain the ray.) Duvessa hits you with a +0 short sword!
Duvessa hits you but does no damage.
The searing ray hits Duvessa.
Duvessa is almost dead.
Duvessa hits you with a +0 short sword.
The searing ray hits Duvessa.
Duvessa is almost dead.
Duvessa hits you with a +0 short sword. Prince Ribbit barely misses you.
Duvessa closely misses you.
The searing ray hits Duvessa but does no damage.
Duvessa is almost dead.
You finish channelling your searing ray.
Prince Ribbit hits you but does no damage.
Duvessa hits you with a +0 short sword! Prince Ribbit barely misses you.
Duvessa attacks as you move away! Duvessa hits you with a +0 short sword!
Prince Ribbit attacks as you move away! Prince Ribbit hits you!
* * * LOW HITPOINT WARNING * * *
Duvessa hits you with a +0 short sword!
You die... #.########## #....# #....# #.# #.# #....###....## #.# #.## #......##....# #.. ...#### #########....# #.. #.....##### #...........# #e. #.###.....# #........##.# #bb

#.# #####.## #........##.#
#b.
#.#######..#####.F......##.#
#b.
#...............@e......##.#
#..
##########.########'######.#
#b. ..............##
#....[...####..
############...#
#........'..... .....#
##..####........####..
####.# #.....#.######## #..
.# #.# #.###.#.# #.. .# #.#
#.# #...### #.. .# #.# #.#
###..)### #..


You could see Prince Ribbit and Duvessa (berserk, corroded).

Vanquished Creatures
  Pikel (D:4)
  Sigmund (D:3)
  2 black bears (D:5)
  2 ogres
  A centaur (D:5)
  2 necrophages
  A scorpion (D:6)
  Dowan (D:6)
  A howler monkey (D:3)
  A hound (D:5)
  A jelly (D:5)
  Crazy Yiuf (D:6)
  3 iguanas
  Ijyb (D:3)
  2 orc wizards (D:6)
  A gnoll (D:5)
  5 adders
  A shadow imp (D:5)
  An ufetubus (D:5)
  A worm (D:2)
  A dart slug (D:1)
  10 orcs
  8 endoplasms
  4 giant cockroaches (D:2)
  7 hobgoblins
  3 quokkas
  6 ball pythons
  10 bats
  8 frilled lizards
  12 goblins
  2 kobolds
  5 rats
106 creatures vanquished.

Vanquished Creatures (others)
  4 fungi (D:6)
  3 plants (D:1)
  2 withered plants (D:6)
9 creatures vanquished.

Grand Total: 115 creatures vanquished

Notes
Turn   | Place    | Note
-------+----------+-------------------------------------------
     0 | D:1      | themarg the Draconian Conjurer began the quest for the Orb.
     0 | D:1      | Reached XP level 1. HP: 14/14 MP: 3/3
   365 | D:1      | Reached XP level 2. HP: 20/20 MP: 3/5
   368 | D:1      | Learned a level 2 spell: Searing Ray
  1223 | D:2      | Found a faded altar of an unknown god.
  1294 | D:2      | Prayed at the altar of an unknown god.
  1294 | D:2      | Became a worshipper of Sif Muna the Loreminder
  1294 | D:2      | Reached * piety under Sif Muna
  1334 | D:2      | Reached XP level 3. HP: 26/26 MP: 2/7
  2532 | D:3      | Noticed Sigmund
  2536 | D:3      | Killed Sigmund
  2537 | D:3      | Reached skill level 5 in Conjurations
  2537 | D:3      | Reached XP level 4. HP: 33/33 MP: 2/10
  2537 | D:3      | Reached XP level 5. HP: 38/38 MP: 2/11
  3053 | D:3      | Noticed Ijyb
  3059 | D:3      | Killed Ijyb
  3060 | D:3      | Reached XP level 6. HP: 22/45 MP: 7/13
  3397 | D:3      | Reached ** piety under Sif Muna
  3398 | D:3      | Reached skill level 5 in Spellcasting
  3457 | D:3      | You fall into a shaft and drop 3 floors!
  3460 | D:6      | Noticed Prince Ribbit
  3475 | D:6      | Noticed Duvessa
  3477 | D:6      | Noticed Dowan
  3625 | D:6      | Reached skill level 6 in Conjurations
  3834 | D:6      | Your scales start taking on a golden yellow colour.
  3834 | D:6      | Reached XP level 7. HP: 50/50 MP: 6/14
  3834 | D:6      | Gained mutation: You are resistant to acid. (rCorr) [Yellow
                  | Draconian growth]
  3947 | D:5      | Entered Level 5 of the Dungeon
  4178 | D:5      | Reached skill level 7 in Conjurations
  4227 | D:5      | Found a staircase to the Ecumenical Temple.
  4368 | D:5      | Reached skill level 8 in Conjurations
  4780 | D:4      | Noticed Pikel
  4794 | D:4      | Killed Pikel
  4795 | D:4      | Reached skill level 9 in Conjurations
  4795 | D:4      | Reached XP level 8. HP: 38/57 MP: 5/15
  5055 | D:4      | Noticed a +0 hand axe
  5055 | D:4      | Noticed a +0 dagger
  5056 | D:4      | Found a hide-covered altar of Uskayaw.
  5670 | D:4      | Found a hazy altar of Hepliaklqana.
  5815 | D:5      | Reached skill level 1 in Fighting
  5941 | D:5      | Reached skill level 10 in Conjurations
  5941 | D:5      | Reached skill level 1 in Hexes
  5941 | D:5      | Reached skill level 1 in Translocations
  6265 | D:6      | Found a runed translucent door.
  6266 | D:6      | Noticed billz999's ghost (novice DjFE)
  6713 | D:6      | Found a runed translucent door.
  6714 | D:6      | Noticed Crazy Yiuf
  6720 | D:6      | Killed Crazy Yiuf
  6832 | D:6      | Killed Dowan
  7036 | D:6      | Slain by Duvessa

Illustrated notes

Levels and vault maps discovered:
D:1:      minmay_arrival_loop, layout_basic, minmay_lizard_king
D:2:      layout_basic, hellmonk_ecumenical_altar_lost_god
D:3:      layout_basic, hangedman_decor_lopped, uniq_sigmund, uniq_ijyb
D:4:      layout_basic, dancing_weapons_uskayaw, nzn_hepliaklqana_mist_gate,
          kennysheep_generic_room_3, uniq_pikel
D:5:      kennysheep_six_static_rooms, layout_basic,
          nicolae_overflow_hidden_temple, minmay_temple_entry_nine_rooms
D:6:      layout_basic, gammafunk_ghost_grave, uniq_prince_ribbit1,
          uniq_duvessa, uniq_crazy_yiuf_cottage

Skill      XL: |  1  2  3  4  5  6  7  8 |
---------------+-------------------------+-----
Stealth        | 2 |  2.0
Spellcasting   | 4 5 |  5.0
Conjurations   | 5 6 9 10 | 10.0
Fighting       | 2 |  2.4
Hexes          | 2 |  2.0
Translocations | 2 |  2.1
Dodging        | |  1.7

Action                   |  1- 3 |  4- 6 |  7- 9 || total
-------------------------+-------+-------+-------++-------
Melee: Club              |     1 |       |       ||     1
       Dagger            |    23 |     1 |       ||    24
       Tailslap          |     3 |       |       ||     3
Throw: Dart              |       |     3 |     3 ||     6
       Throwing net      |       |     1 |       ||     1
       Stone             |       |       |     4 ||     4
 Cast: Magic Dart        |    73 |    26 |    14 ||   113
       Searing Ray       |     6 |    18 |    34 ||    58
 Abil: Breathe Acid      |       |       |     3 ||     3
  Use: Scroll            |       |     2 |     6 ||     8
Armor: Skin              |     6 |     7 |    13 ||    26
Dodge: Dodged            |    12 |     8 |    27 ||    47

Table legend: (Time is in decaauts)
 A = Elapsed time spent in this place.
 B = Non-inter-level travel time spent in this place.
 C = Inter-level travel time spent in this place.
 D = Time resting spent in this place.
 E = Time spent auto-exploring this place.
 F = Levels seen in this place.
 G = Mean time per level.
                   A        B        C        D        E       F      G
               +--------+--------+--------+--------+--------+-----+--------+
         Total |   7036 |   6919 |    117 |   1048 |   4869 |   6 | 1172.7 |
       Dungeon |   7036 |   6919 |    117 |   1048 |   4869 |   6 | 1172.7 |
               +--------+--------+--------+--------+--------+-----+--------+

Top non-repeatable levels by time:
     D:6: 1417 daAuts
     D:2: 1359 daAuts
     D:1: 1221 daAuts
     D:5: 1109 daAuts
     D:4: 1053 daAuts
     D:3: 875 daAuts
